 Dungeon Crawl Stone Soup version 0.21-a0-297-ga3d34c2 (webtiles) character file.

30848 Hasart the Frost Mage (level 13, -14/84 HPs)
             Began as a Barachi Ice Elementalist on Sept 28, 2017.
             Was the Champion of Cheibriados.
             Killed from afar by a fire dragon (58 damage)
             ... with a blast of flame
             ... on level 5 of the Lair of Beasts on Sept 29, 2017.
             The game lasted 00:58:34 (18501 turns).

Hasart the Frost Mage (Barachi Ice Elementalist)   Turns: 18501, Time: 00:58:35

Health: -14/84     AC:  7    Str: 24    XL:     13   Next: 54%
Magic:  19/27      EV: 20    Int: 39    God:    Cheibriados [******]
Gold:   774        SH: 17    Dex: 28    Spells: 18/33 levels left

rFire    . . .     SeeInvis .   u - +3 short sword (elec)
rCold    . . .     Gourm    .   V - +0 buckler
rNeg     . . .     Faith    .   N - +1 troll leather armour
rPois    +         Spirit   .   (no helmet)
rElec    .         Reflect  +   (no cloak)
rCorr    .         Harm     .   (no gloves)
MR       .....                  C - +1 pair of boots
Stlth    +++.......             K - +6 amulet of reflection
HPRegen  0.64/turn              z - +3 ring of intelligence
MPRegen  0.20/turn              A - +6 ring of evasion

@: studying Short Blades, very slow
A: +LOS, swims, talons 1, large bone plates 1, poison resistance, slowness 1,
wild magic 1, strong legs 2
a: Hop, Bend Time, Temporal Distortion, Slouch, Step From Time, Renounce
Religion


You were on level 5 of the Lair of Beasts.
You worshipped Cheibriados.
Cheibriados was exalted by your worship.
You were not hungry.

You visited 2 branches of the dungeon, and saw 16 of its levels.

You collected 774 gold pieces.

Inventory:

Hand Weapons
 u - a +3 short sword of electrocution (weapon)
Armour
 a - +0 steam dragon scales
 C - a +1 pair of boots (worn)
 N - a +1 troll leather armour (worn)
 V - a +0 buckler (worn)
Magical Staves
 E - an uncursed staff of energy
 F - an uncursed staff of earth
Jewellery
 y - an uncursed amulet of the gourmand
 z - a +3 ring of intelligence (left hand)
 A - a +6 ring of evasion (right hand)
 H - an uncursed ring of wizardry
 K - a +6 amulet of reflection (around neck)
 M - an uncursed ring of flight
 O - an uncursed amulet of regeneration
Wands
 r - a wand of confusion (20/48)
 J - a wand of lightning (13/15)
 W - a wand of disintegration (11/24)
 X - a wand of paralysis (3/24)
Scrolls
 d - 4 scrolls of teleportation
 g - 3 scrolls of remove curse
 j - 3 scrolls of magic mapping
 o - 3 scrolls of recharging
 p - a scroll of amnesia
 q - 10 scrolls of identify
 P - a scroll of enchant armour
Potions
 h - 8 potions of curing
 k - 2 potions of magic
 l - 3 potions of agility
 m - a potion of flight
 n - 4 potions of heal wounds
 Q - 2 potions of might
 S - 2 potions of lignification
Books
 b - a book of Frost

   Spells                             Type                      Level
   a - Freeze                         Ice                          1
   b - Throw Frost                    Conjuration/Ice              2
   c - Ozocubu's Armour               Charms/Ice                   3
   d - Throw Icicle                   Conjuration/Ice              4
   e - Summon Ice Beast               Ice/Summoning                4
 v - a book of Party Tricks

   Spells                             Type                      Level
   a - Summon Butterflies             Summoning                    1
   b - Apportation                    Translocation                1
   c - Lesser Beckoning               Translocation                3
   d - Tukima's Dance                 Hexes                        3
   e - Alistair's Intoxication        Transmutation/Poison         5
   f - Invisibility                   Hexes                        6
 D - a book of Battle

   Spells                             Type                      Level
   a - Infusion                       Charms                       1
   b - Shroud of Golubria             Charms/Translocation         2
   c - Song of Slaying                Charms                       2
   d - Spectral Weapon                Hexes/Charms                 3
   e - Regeneration                   Charms/Necromancy            3
 G - a book of Cantrips

   Spells                             Type                      Level
   a - Confusing Touch                Hexes                        1
   b - Animate Skeleton               Necromancy                   1
   c - Summon Small Mammal            Summoning                    1
   d - Apportation                    Translocation                1
 Y - a manual of Short Blades
Comestibles
 c - 15 bread rations
 f - 7 royal jellies
 i - 44 fruits
 B - 2 meat rations


   Skills:
 + Level 2.2 Fighting
 + Level 8.6 Short Blades
 + Level 1.9 Armour
 + Level 3.2 Dodging
 - Level 1.7 Stealth
 - Level 5.2 Shields
 + Level 10.6 Spellcasting
 * Level 12.8 Conjurations
 - Level 2.0 Charms
 - Level 10.0 Summonings
 - Level 1.5 Necromancy
 + Level 13.5 Ice Magic


You had 18 spell levels left.
You knew the following spells:

 Your Spells              Type           Power        Failure   Level  Hunger
a - Freeze                Ice            ####         1%          1    None
b - Regeneration          Chrm/Necr      #####.....   5%          3    None
c - Summon Ice Beast      Ice/Summ       #######.     1%          4    None
d - Throw Icicle          Conj/Ice       ########     1%          4    None
e - Ozocubu's Armour      Chrm/Ice       #######.     1%          3    None


Dungeon Overview and Level Annotations

Branches:
Dungeon (11/15)            Temple (0/1) D:7            Lair (5/6) D:9
  Swamp (0/4) Lair:2        Snake (0/4) Lair:2        Slime (0/5) Lair:5
    Orc: D:9-12

Altars:
Cheibriados
Kikubaaqudgha
Makhleb
Wu Jian
Xom


Innate Abilities, Weirdness & Mutations

Shadows flee at your approach. (+LOS)
You can swim through water.
You cover ground slowly.
You can hop longer distances.
You have sharp toenails.
You are partially covered in large bone plates. (SH +4)
Your system is resistant to poisons. (rPois)
Your spells are a little harder to cast, but a little more powerful.


Message History

The fire dragon breathes flames at you. The blast of flame hits you!
You hear a roar!
Casting: Throw Icicle
Confirm with . or Enter, or press ? or * to list all spells.
Aiming: Throw Icicle
Press: ? - help, Shift-Dir - straight line, f - fire dragon
Aim: a fire dragon (catching its breath)
The shard of ice hits the fire dragon.
The fire dragon is frozen!
The fire dragon is moderately wounded.
Casting: Throw Icicle
Confirm with . or Enter, or press ? or * to list all spells.
Aiming: Throw Icicle
Press: ? - help, Shift-Dir - straight line, f/p - fire dragon
Aim: a fire dragon (moderately wounded, catching its breath)
The shard of ice misses the fire dragon.
The fire dragon breathes flames at you. The blast of flame hits you!
Ouch! That really hurt!
You die...

#.....##.# .....##..
##....##..
#.....##.## ###
#....##.. ###.#.
#..D##.# #..#..
##..##.### ###.....
#........####.......
##.@...##.P.........
###................
#..####........##
#### ##..#....##
####P....# ##...##
##.>.P# #......
#......


You could see a fire dragon.

Vanquished Creatures
  Rupert (Lair:4)
  Harold (Lair:1)
  A hydra (Lair:3)
  A manticore (D:10)
  An ugly thing (D:9)
  2 elephants (Lair:5)
  4 spiny frogs
  4 black mambas
  7 rime drakes
  7 komodo dragons
  A polar bear (Lair:4)
  A hornet (Lair:5)
  4 hippogriffs
  5 blink frogs
  3 wraiths (Lair:4)
  A spriggan (D:7)
  2 hogs (Lair:4)
  4 yaks (Lair:1)
  Grum (Lair:2)
  2 basilisks
  3 wyverns
  6 vampire mosquitoes (Lair:2)
  3 steam dragons
  Edmund (D:6)
  5 nagas (Lair:2)
  7 water moccasins
  11 porcupines
  An orc warrior (D:9)
  An ice beast (D:10)
  A sky beast (D:7)
  A necrophage (D:7)
  An elephant zombie (Lair:4)
  3 phantoms
  2 centaurs
  11 wolves
  4 ogres
  4 crocodiles
  Blork the orc (D:6)
  13 bullfrogs
  A wyvern skeleton (D:8)
  3 scorpions
  A killer bee (D:7)
  3 electric eels
  6 crimson imps
  2 howler monkeys
  A bullfrog zombie (D:5)
  A basilisk zombie (Lair:4)
  6 jellies
  A centaur skeleton (D:7)
  2 orc priests (D:8)
  2 hounds
  5 orc wizards
  Jessica (D:2)
  2 iguanas
  5 worker ants
  2 hound zombies (D:10)
  A hound skeleton (D:5)
  A howler monkey skeleton (D:7)
  4 adders
  A shadow imp (D:9)
  2 oozes
  3 adder skeletons
  6 dart slugs
  3 leopard geckos
  17 orcs
  A ball python (D:1)
  4 giant cockroaches
  11 goblins
  7 hobgoblins
  9 jackals
  8 kobolds
  3 quokkas
  6 bats
  3 frilled lizards
  A jackal zombie (D:5)
  A leopard gecko skeleton (D:5)
  A quokka skeleton (D:5)
  11 rats
  A plant (Lair:2)
281 creatures vanquished.

Vanquished Creatures (collateral kills)
  Kirke (Lair:4)
  Josephine (Lair:4)
  2 hydras
  2 two-headed ogres (D:9)
  The ghost of B1inky the Arsonist, a novice OpFE of Makhleb (D:9)
  A necromancer (Lair:4)
  2 oklob plants (Lair:2)
  8 elephants (Lair:5)
  A rime drake (Lair:5)
  A troll (D:10)
  3 blink frogs (Lair:3)
  A hippogriff (D:9)
  11 yaks
  2 hogs (Lair:4)
  A wyvern (Lair:4)
  A hungry ghost (D:8)
  Eustachio (D:6)
  A porcupine (Lair:3)
  A black bear (D:7)
  An orc warrior (D:10)
  9 wolves
  An ogre (D:7)
  A big kobold (D:9)
  2 crocodiles (Lair:3)
  4 bullfrogs
  2 killer bees (D:7)
  A howler monkey (D:10)
  A hound (D:6)
  2 orc wizards (D:10)
  An iguana (D:10)
  A worker ant (D:6)
  A hound skeleton (D:9)
  A howler monkey skeleton (D:9)
  2 shadow imps
  2 leopard geckos
  3 kobolds (D:9)
  A quokka (D:9)
  A giant cockroach zombie (D:6)
  2 butterflies (Lair:3)
  2 fungi (Lair:5)
  A plant (Lair:2)
84 creatures vanquished.

Vanquished Creatures (others)
  A rime drake (Lair:5)
  2 humans (Lair:4)
  14 bushes (Lair:5)
  35 fungi
  35 plants
87 creatures vanquished.

Grand Total: 452 creatures vanquished

Notes
Turn   | Place    | Note
-------+----------+-------------------------------------------
     0 | D:1      | Hasart the Barachi Ice Elementalist began the quest for the Orb.
     0 | D:1      | Reached XP level 1. HP: 13/13 MP: 3/3
   138 | D:1      | Reached skill level 4 in Ice Magic
   144 | D:1      | Reached XP level 2. HP: 12/19 MP: 0/5
   640 | D:1      | Reached XP level 3. HP: 24/24 MP: 1/6
  1067 | D:1      | Learned a level 3 spell: Ozocubu's Armour
  1242 | D:2      | Reached skill level 5 in Ice Magic
  1752 | D:2      | Noticed Jessica
  1756 | D:2      | Killed Jessica
  1756 | D:2      | Reached XP level 4. HP: 30/30 MP: 5/8
  2371 | D:2      | Found a burning altar of Makhleb.
  2663 | D:3      | Reached skill level 6 in Ice Magic
  2665 | D:3      | Reached XP level 5. HP: 34/35 MP: 2/9
  3060 | D:3      | Learned a level 4 spell: Summon Ice Beast
  3325 | D:4      | Reached skill level 1 in Summonings
  3681 | D:4      | You fall through a shaft!
  3681 | D:5      | Entered Level 5 of the Dungeon
  3756 | D:5      | Reached XP level 6. HP: 24/41 MP: 7/11
  4220 | D:5      | Found an ancient bone altar of Kikubaaqudgha.
  4282 | D:5      | Found a snail-covered altar of Cheibriados.
  4288 | D:5      | Noticed a phantom
  4294 | D:5      | Became a worshipper of Cheibriados the Contemplative
  4575 | D:6      | Reached XP level 7. HP: 25/46 MP: 8/13
  4581 | D:6      | Learned a level 4 spell: Throw Icicle
  4797 | D:6      | Noticed Edmund
  4806 | D:6      | Killed Edmund
  4806 | D:6      | Reached skill level 7 in Ice Magic
  4936 | D:6      | Reached skill level 5 in Summonings
  5129 | D:6      | Found a shimmering altar of Xom.
  5149 | D:6      | Noticed Blork the orc
  5158 | D:6      | Killed Blork the orc
  5281 | D:6      | Noticed Eustachio
  5291 | D:6      | Killed Eustachio
  5291 | D:6      | Reached XP level 8. HP: 52/52 MP: 6/15
  5728 | D:7      | Reached * piety under Cheibriados
  5850 | D:7      | Reached skill level 5 in Spellcasting
  5909 | D:7      | Found a staircase to the Ecumenical Temple.
  6091 | D:7      | Reached skill level 8 in Ice Magic
  6400 | D:7      | Noticed a spriggan baker
  6404 | D:7      | Killed a spriggan baker
  6436 | D:7      | Noticed a yak
  6510 | D:7      | Noticed a yak
  6510 | D:7      | Noticed a yak
  6510 | D:7      | Noticed a yak
  6510 | D:7      | Noticed a yak
  6534 | D:7      | Killed a yak
  6861 | D:8      | Reached XP level 9. HP: 55/56 MP: 12/18
  6999 | D:8      | Reached ** piety under Cheibriados
  7090 | D:8      | Reached skill level 9 in Ice Magic
  8283 | D:9      | Reached skill level 10 in Summonings
  8290 | D:9      | Reached *** piety under Cheibriados
  8338 | D:9      | Found an ornate altar of the Wu Jian Council.
  8365 | D:9      | Noticed B1inky's ghost (novice OpFE)
  8661 | D:9      | Noticed a two-headed ogre
  8670 | D:9      | Killed a two-headed ogre
  8670 | D:9      | Reached skill level 10 in Ice Magic
  8670 | D:9      | Reached XP level 10. HP: 16/62 MP: 9/20
  8932 | D:9      | Killed B1inky's ghost
  9040 | D:9      | Noticed a red ugly thing
  9048 | D:9      | Killed a red ugly thing
  9048 | D:9      | Reached skill level 5 in Conjurations
  9068 | D:9      | Noticed a two-headed ogre
  9074 | D:9      | Killed a two-headed ogre
  9293 | D:9      | Found a staircase to the Lair.
  9640 | D:10     | Entered Level 10 of the Dungeon
  9867 | D:10     | Reached **** piety under Cheibriados
 10255 | D:10     | Reached skill level 11 in Ice Magic
 10351 | D:10     | Noticed a manticore
 10356 | D:10     | Killed a manticore
 10753 | D:11     | Reached XP level 11. HP: 67/67 MP: 23/23
 10819 | Lair:1   | Entered Level 1 of the Lair of Beasts
 11167 | Lair:1   | Reached ***** piety under Cheibriados
 11170 | Lair:1   | Reached skill level 1 in Shields
 11307 | Lair:1   | Noticed Harold
 11308 | Lair:1   | Noticed Grum
 11365 | Lair:1   | Killed Harold
 11770 | Lair:1   | Noticed an eight-headed hydra
 11785 | Lair:1   | Killed an eight-headed hydra
 12475 | Lair:2   | Learned a level 3 spell: Regeneration
 12649 | Lair:2   | Noticed an oklob plant
 12649 | Lair:2   | Noticed an oklob plant
 12718 | Lair:2   | Reached skill level 10 in Conjurations
 12835 | Lair:2   | Reached skill level 12 in Ice Magic
 12993 | Lair:2   | Killed an oklob plant
 12993 | Lair:2   | Reached skill level 1 in Charms
 12993 | Lair:2   | Reached skill level 1 in Necromancy
 13003 | Lair:2   | Killed an oklob plant
 13054 | Lair:2   | Killed Grum
 13224 | Lair:2   | Reached XP level 12. HP: 74/74 MP: 22/25
 13269 | Lair:2   | Reached skill level 1 in Short Blades
 13269 | Lair:2   | Reached skill level 5 in Shields
 13576 | Lair:2   | Found a staircase to the Swamp.
 13804 | Lair:2   | Found a staircase to the Snake Pit.
 14393 | Lair:3   | Noticed a four-headed hydra
 14400 | Lair:3   | Killed a four-headed hydra
 14770 | Lair:3   | Reached ****** piety under Cheibriados
 15520 | Lair:4   | Noticed an eight-headed hydra
 15531 | Lair:3   | Killed an eight-headed hydra
 15531 | Lair:3   | Reached skill level 5 in Short Blades
 15940 | Lair:4   | Noticed Josephine
 15956 | Lair:4   | Killed Josephine
 16015 | Lair:4   | Noticed Rupert
 16621 | Lair:4   | Reached skill level 10 in Spellcasting
 16621 | Lair:4   | Reached skill level 13 in Ice Magic
 16688 | Lair:4   | Noticed Kirke
 16703 | Lair:4   | Killed Kirke
 16703 | Lair:4   | Gained mutation: You can hop longer distances. [Barachi growth]
 16703 | Lair:4   | Reached XP level 13. HP: 48/79 MP: 2/27
 17043 | Lair:4   | Gained mutation: You have sharp toenails. [potion of mutation]
 17043 | Lair:4   | Gained mutation: Your system is resistant to poisons. (rPois) [potion of mutation]
 17043 | Lair:4   | Gained mutation: You are partially covered in large bone plates. (SH +4) [potion of mutation]
 17043 | Lair:4   | Gained mutation: Your spells are a little harder to cast, but a little more powerful. [potion of mutation]
 17097 | Lair:4   | Killed Rupert
 17708 | Lair:5   | Found a staircase to the Slime Pits.
 17721 | Lair:5   | Reached skill level 1 in Armour
 18010 | Lair:5   | Reached skill level 1 in Fighting
 18498 | Lair:5   | Noticed a fire dragon
 18501 | Lair:5   | Killed from afar by a fire dragon

Vault maps used:
D:1:      dpeg_arrival_shelter, serial_bayou_pond_e, corexii_corridor_pit
D:2:      lightli_temple_of_fire, uniq_jessica
D:5:      cheibrodos_ashenzari_chains, nicolae_overflow_crystal_walls,
          basic_altar, first_bread
D:6:      basic_altar, uniq_blork_the_orc, uniq_eustachio, uniq_edmund
D:7:      tso_oasis_becter, gammafunk_temple_overflow_elements,
          minmay_temple_entry_statues_fountains, the_bakery,
          minmay_misc_feat_iff
D:8:      serial_co_window_serial, co_window_paths_b, co_window_paths_a,
          co_window_paths_a, co_window_corner_a, co_window_corner_a,
          co_window_of_opportunity_b, co_window_of_opportunity_c,
          co_window_corner_b, glass_columns_b, glass_columns_c, glass_columns_b,
          eino_curves_03
D:9:      lair_entry_dummy, basic_altar, stair_cage_cross
Lair:1:   lemuel_fruit_fields, infiniplex_staircase_pool, grunt_megastairs_1,
          uniq_grum, uniq_harold
Lair:2:   minmay_swamp_entry_swarm, minmay_snake_entry_guardpost_large,
          bh_autumn_forest_stairs, beast_lair_carwin_3,
          minmay_lair_oklob_chamber, lemuel_fruit_fields
Lair:3:   grunt_megastairs_5, lemuel_fruit_fields, lemuel_fruit_fields
Lair:4:   pond_and_an_island_with_a_cottage, fungi_pond_lemuel,
          guppyfry_lair_drakes, uniq_kirke, uniq_josephine, uniq_rupert
Lair:5:   minmay_lair_oklob_tunnel, nicolae_slime_entry_slimehenge,
          minmay_hedge_maze, bobbens_dragon_lair_wall

Skill      XL: |  1  2  3  4  5  6  7  8  9 10 11 12 13 |
---------------+----------------------------------------+-----
Ice Magic      | 4 5 6 7 8 10 11 12 13 | 13.5
Spellcasting   | 3 4 6 7 8 9 10 | 10.6
Summonings     | 2 4 6 8 10 | 10.0
Conjurations   | 4 7 10 12 | 12.8
Shields        | 4 5 |  5.2
Charms         | 1 2 |  2.0
Necromancy     | 1 |  1.5
Short Blades   | 7 8 |  8.6
Armour         | 1 |  1.9
Fighting       | 2 |  2.2
Dodging        | 3 |  3.2
Stealth        | |  1.7

Action                   |  1- 3 |  4- 6 |  7- 9 | 10-12 | 13-15 || total
-------------------------+-------+-------+-------+-------+-------++-------
Melee: Unarmed           |     3 |       |       |       |       ||     3
       Dagger            |    34 |    27 |       |       |       ||    61
       Short sword       |       |    70 |    66 |   138 |    52 ||   326
 Cast: Freeze            |    46 |    53 |   127 |   187 |    17 ||   430
       Ozocubu's Armour  |     1 |       |       |       |       ||     1
       Summon Ice Beast  |       |       |    22 |    59 |    15 ||    96
       Throw Icicle      |       |       |     6 |   128 |    41 ||   175
 Abil: Hop               |       |       |     3 |     7 |     2 ||    12
  Use: Scroll            |       |       |       |    16 |     4 ||    20
       Potion            |       |       |       |    11 |     1 ||    12
 Stab: Sleeping          |     2 |     2 |     4 |     2 |       ||    10
       Distracted        |       |       |     1 |     2 |     1 ||     4
  Eat: Chunk             |     4 |    11 |    18 |     3 |     1 ||    37
       Meat ration       |       |       |       |     1 |       ||     1
Armor: Robe              |    12 |    23 |    12 |     8 |       ||    55
       Troll leather arm |       |       |       |    47 |    23 ||    70
       Skin              |       |       |       |     2 |       ||     2
Dodge: Dodged            |    45 |    96 |   183 |   301 |    44 ||   669
Block: Other             |       |       |       |    45 |       ||    45
       Buckler           |       |       |       |    70 |    53 ||   123
       Reflection        |       |       |       |       |     4 ||     4

Table legend:
 A = Spawn XP
 B = Non-spawn XP
 C = Spawn XP percentage of total XP
 D = Spawn monster count
 E = Non-spawn monster count
 F = Spawn count percentage of total count
 G = Total turns spent on level
                    A         B        C        D         E        F      G
               +---------+---------+-------+---------+---------+-------+---------
         Total |       0 |   44069 |   0.0 |       0 |     359 |   0.0 | 18501
               +---------+---------+-------+---------+---------+-------+---------
           D:1 |       0 |      43 |   0.0 |       0 |      23 |   0.0 |  1231
           D:2 |       0 |      91 |   0.0 |       0 |      25 |   0.0 |  1199
           D:3 |       0 |      42 |   0.0 |       0 |      19 |   0.0 |   810
           D:4 |       0 |     161 |   0.0 |       0 |       8 |   0.0 |   732
           D:5 |       0 |     133 |   0.0 |       0 |       9 |   0.0 |   362
           D:6 |       0 |     774 |   0.0 |       0 |      13 |   0.0 |  1357
           D:7 |       0 |     952 |   0.0 |       0 |      16 |   0.0 |   844
           D:8 |       0 |    1399 |   0.0 |       0 |      31 |   0.0 |  1895
           D:9 |       0 |    3247 |   0.0 |       0 |      28 |   0.0 |  1303
          D:10 |       0 |    2480 |   0.0 |       0 |      27 |   0.0 |  1075
          D:11 |       0 |     126 |   0.0 |       0 |       3 |   0.0 |    55
        Lair:1 |       0 |    5562 |   0.0 |       0 |      26 |   0.0 |  1456
        Lair:2 |       0 |    5855 |   0.0 |       0 |      33 |   0.0 |  1864
        Lair:3 |       0 |    4675 |   0.0 |       0 |      28 |   0.0 |  1451
        Lair:4 |       0 |    9918 |   0.0 |       0 |      38 |   0.0 |  1867
        Lair:5 |       0 |    8611 |   0.0 |       0 |      32 |   0.0 |  1000
               +---------+---------+-------+---------+---------+-------+---------
